 Dungeon Crawl Stone Soup version 0.17-a0-427-ga655056 (webtiles) character file.

8754 McCoppin the Grappler (level 11, 0/94 HPs)
             Began as a Troll Chaos Knight on Apr 3, 2015.
             Slain by a killer bee (11 damage)
             ... on level 1 of the Lair of Beasts.
             The game lasted 00:28:14 (7176 turns).

McCoppin the Grappler (Troll Chaos Knight)          Turns: 7176, Time: 00:28:16

Health: 0/94       AC: 10    Str: 21    XL:     11   Next: 14%
Magic:  10/10      EV: 13    Int: 14    God:    Xom [..*...]
Gold:   793        SH:  0    Dex: 11    Spells: 0 memorised, 10 levels left

rFire  . . .     SeeInvis .       - Unarmed
rCold  . . .     Clarity  .     b - +2 robe (curse)
rNeg   . . .     SustAb   +     (no shield)
rPois  .         Gourm    +     L - +1 hat
rElec  .         Spirit   .     (no cloak)
rCorr  .         Warding  .     (gloves unavailable)
rMut   .         Stasis   .     (boots unavailable)
MR     .....                    p - amulet of regeneration
Stlth  ..........               u - ring of loudness (curse)
                                d - ring of the Sunfish {SustAb Int+4} (curse)

@: lethally poisoned (0 -> -3), not resistant to hostile enchantments, extremely
unstealthy
A: unfitting armour, claws 3, horns 1, talons 1, slimy green scales 1, clever 1,
deterioration 1, fast metabolism 3, gourmand, regeneration 2, shaggy fur 1,
tough skin 2, weak 1
a: Renounce Religion


You were on level 1 of the Lair of Beasts.
You worshipped Xom.
You were a toy of Xom.
You were very full.

You visited 2 branches of the dungeon, and saw 10 of its levels.
You also visited: Ossuary.

You collected 793 gold pieces.

Inventory:

Hand weapons
 x - a cursed +1 blowgun
Missiles
 c - 8 curare-tipped needles
 i - 2 throwing nets
 k - 41 poisoned needles
 r - 4 silver javelins (quivered)
 N - 19 stones
Armour
 b - a cursed +2 robe (worn)
 K - a +0 pair of gloves
 L - a +1 hat (worn)
Jewellery
 d - the cursed ring of the Sunfish (left claw) {SustAb Int+4}
   (Xom gifted it to you on level 2 of the Dungeon)

   [ring of sustain abilities]

   It sustains your strength, intelligence and dexterity.
   It affects your intelligence (+4).
   It has a curse placed upon it.
 o - a cursed ring of teleportation {unknown}
 p - an amulet of regeneration (around neck)
 u - a cursed ring of loudness (right claw)
 y - a +1 ring of protection {unknown}
 A - an uncursed amulet of stasis
 O - a +6 ring of dexterity {unknown}
 R - an uncursed ring of protection from magic {unknown}
Magical devices
 h - a wand of fireball (11)
 l - a wand of confusion (17)
 q - a wand of digging (4)
 E - a wand of slowing (23)
 I - a wand of digging (9)
Scrolls
 m - 4 scrolls of enchant armour
 z - 3 scrolls of fear
 C - a scroll of teleportation
 G - a scroll of recharging
 M - 2 scrolls of enchant weapon
 S - a scroll of magic mapping
Potions
 e - 2 potions of restore abilities
 n - 2 potions of brilliance
 s - 2 potions of curing
 t - a potion of flight
 w - 3 potions of degeneration
 D - a potion of magic
 F - a potion of cure mutation
 J - a potion of heal wounds
Books
 H - a book of the Dragon

   Spells                             Type                      Level
   a - Flight                         Charms/Air                   3
   b - Cause Fear                     Hexes                        4
   c - Bolt of Fire                   Conjuration/Fire             6
   d - Dragon Form                    Transmutation                7
   e - Dragon's Call                  Summoning                    9
 P - a Grand Grimoire {highlevel, unknown}

   This book is beyond your current level of understanding.

   Spells                             Type                      Level
   a - Aura of Abjuration             Summoning                    6
   b - Summon Greater Demon           Summoning                    7
   c - Malign Gateway                 Summoning/Translocation      7
   d - Summon Horrible Things         Summoning                    8
Comestibles
 a - 8 bread rations
 f - 3 royal jellies
 j - 12 slices of pizza
 v - a meat ration
 B - 3 beef jerkies
 T - 20 chunks of flesh


   Skills:
 - Level 2.4 Fighting
 + Level 8.4 Dodging
 * Level 14.1 Unarmed Combat


You had 10 spell levels left.
You didn't know any spells.

Dungeon Overview and Level Annotations

Branches:
Dungeon (9/15)             Temple (0/1) D:5            Lair (1/8) D:9
    Orc (0/4) D:9

Altars:
Cheibriados
Okawaru
Ru
Yredelemnul

Shops:
D:8 (


Innate Abilities, Weirdness & Mutations

You are too large for most types of armour.
You have claws for hands.
Your metabolism is lightning-fast.
You like to eat raw meat.
You heal very quickly.
You are covered in fur (AC +1).
You have very tough skin (AC +2).
You have a pair of small horns on your head.
You have sharp toenails.
You are partially covered in slimy green scales (AC +2).
Your mind is acute. (Int +2)
Your body is slowly deteriorating.
You are weak. (Str -2)


Message History

You hear an angry buzzing noise.
The killer bee stings you. The killer bee misses you.
You feel sick.
The killer bee stings you but does no damage.
The killer bee closely misses you.
You hear an angry buzzing noise.
The killer bee stings you.
* * * LOW HITPOINT WARNING * * *
You are more poisoned.
The killer bee poisons you! The killer bee closely misses you.
Items here: %%%% รท a yak skeleton; a poisonous chunk of flesh; a poisonous chunk of flesh a poisonous chunk of flesh x2
You feel sick. The killer bee stings you!
* * * LOW HITPOINT WARNING * * *
Xom is amused.
You hear an angry buzzing noise.
The killer bee stings you!
You die...
Xom roars with laughter!

#### ##..## #....###
##.....##### ####
##..#.#...###..# ...
##...#......##.@# #. ..
#)..........##y## ##
.... ##...P#......yy#
y% %..##
######.#......#
%##....# ###....#S#
..#...# .# #(.....#
#.....#..P
###...y#######y...(.#..
##......#..yy.......#
#...#..#.........#.


You could see a queen bee, a water moccasin and 3 killer bees.

Vanquished Creatures
  The ghost of McCoppin the Grappler, an experienced TrCK of Xom (D:6)
  Pikel (D:5)
  An elephant (D:9)
  Grinder (D:4)
  13 yaks
  A hungry ghost (D:7)
  Edmund (D:6)
  An ice beast (D:5)
  A slave (D:5)
  4 orc warriors
  3 ogres
  2 sky beasts
  2 black bears
  3 centaurs
  3 phantoms
  2 necrophages (D:9)
  A big kobold (D:8)
  A crocodile (D:9)
  7 giant frogs
  A wyvern zombie (D:9)
  A scorpion (D:4)
  6 killer bees (Lair:1)
  5 wights (D:7)
  3 crimson imps
  4 goliath beetles
  9 hounds
  2 jellies
  A giant frog zombie (D:9)
  4 giant frog skeletons
  3 human zombies
  6 orc priests
  2 quasits (D:4)
  Ijyb (D:2)
  A gnoll shaman (D:5)
  6 iguanas
  10 orc wizards
  10 worker ants
  5 sheep
  2 hound zombies (Ossuary)
  5 mummies
  A hound skeleton (D:4)
  Robin (D:2)
  5 adders
  6 gnolls (D:5)
  A giant mite (D:3)
  4 worms
  3 adder zombies
  8 giant geckos
  44 orcs
  A ball python (D:2)
  A bat skeleton (D:4)
  5 giant cockroaches
  13 goblins
  22 hobgoblins
  13 jackals
  14 bats
  5 giant newts
  A giant spore (D:6)
  4 goblin zombies (Ossuary)
  2 jackal skeletons (D:4)
  A jackal zombie (Ossuary)
  14 kobolds
  An orc zombie (Ossuary)
  2 quokkas
  12 rats
  A rat zombie (Ossuary)
  A ballistomycete (D:6)
  2 fungi (D:8)
324 creatures vanquished.

Vanquished Creatures (collateral kills)
  Eustachio (D:5)
  A river rat (D:2)
  An ooze (D:2)
3 creatures vanquished.

Vanquished Creatures (others)
  A quasit (Lair:1)
  2 goblins
  2 hobgoblins (D:2)
  A kobold (D:5)
6 creatures vanquished.

Grand Total: 333 creatures vanquished

Notes
Turn   | Place    | Note
--------------------------------------------------------------
     0 | D:1      | McCoppin, the Troll Chaos Knight, began the quest for the Orb.
     0 | D:1      | Reached XP level 1. HP: 22/22 MP: 0/0
   138 | D:1      | Reached XP level 2. HP: 25/29 MP: 1/1
   215 | D:1      | XOM: harmless Conj miscast
   340 | D:1      | Reached skill level 4 in Unarmed Combat
   392 | D:1      | Reached XP level 3. HP: 36/36 MP: 2/2
   496 | D:2      | XOM: noise
   511 | D:2      | Noticed Robin
   513 | D:2      | XOM: destruction
   518 | D:2      | Killed Robin
   618 | D:2      | XOM: give mutation
   618 | D:2      | Gained mutation: You can breathe flames. [Xom's grace]
   709 | D:2      | Noticed Sigmund
   729 | D:2      | Noticed Sigmund
   729 | D:2      | Sigmund changed into Sigmund the river rat
   729 | D:2      | XOM: polymorph Sigmund -> Sigmund the river rat
   729 | D:2      | Killed Sigmund the river rat
   752 | D:2      | XOM: god gift: blowgun {god gift}
   759 | D:2      | Gained mutation: You are partially covered in slimy green scales (AC +2). [potion of beneficial mutation]
   807 | D:2      | Gained mutation: You have a pair of small horns on your head. [potion of beneficial mutation]
   849 | D:2      | Reached XP level 4. HP: 44/44 MP: 3/3
   943 | D:2      | XOM: god gift: crude tin ring {god gift}
   944 | D:2      | Got a crude tin ring {god gift}
   945 | D:2      | Identified the ring of the Sunfish {SustAb Int+4} (Xom gifted it to you on level 2 of the Dungeon)
  1043 | D:2      | Noticed Ijyb
  1056 | D:2      | Killed Ijyb
  1338 | D:3      | Reached skill level 5 in Unarmed Combat
  1338 | D:3      | Reached XP level 5. HP: 50/50 MP: 4/4
  1744 | D:3      | XOM is BORED!
  1744 | D:3      | XOM: noise
  2029 | D:4      | XOM: torment (25/50 hp)
  2092 | D:4      | Reached skill level 6 in Unarmed Combat
  2098 | D:4      | Reached XP level 6. HP: 49/59 MP: 5/5
  2119 | D:4      | Noticed Grinder
  2120 | D:4      | Paralysed by Grinder for 6 turns
  2126 | D:4      | XOM: chaos cloud
  2136 | D:4      | Killed Grinder
  2146 | D:4      | Reached XP level 7. HP: 34/66 MP: 6/6
  2160 | D:4      | Reached skill level 7 in Unarmed Combat
  2166 | D:4      | XOM: smoke on damage
  2238 | D:4      | Noticed an ogre
  2239 | D:4      | XOM: chaos cloud
  2244 | D:4      | Killed an ogre
  2306 | D:4      | XOM: blink monster(s)
  2316 | D:4      | Found a sand-covered staircase.
  2342 | Ossuary  | Entered an ossuary
  2357 | Ossuary  | XOM: enchant monster (bad)
  2505 | Ossuary  | Reached skill level 8 in Unarmed Combat
  2619 | D:4      | XOM: summons 2 hostile demons
  2865 | D:4      | Noticed a black bear
  2869 | D:4      | Killed a black bear
  2869 | D:4      | Reached XP level 8. HP: 63/74 MP: 7/7
  2968 | D:5      | Entered Level 5 of the Dungeon
  2986 | D:5      | Found a snail-covered altar of Cheibriados.
  3013 | D:5      | Noticed Eustachio
  3028 | D:5      | XOM: mild Summ miscast
  3041 | D:5      | Killed Eustachio
  3152 | D:5      | Reached skill level 9 in Unarmed Combat
  3170 | D:5      | Reached skill level 5 in Dodging
  3178 | D:5      | Gained mutation: You are resistant to hostile enchantments. [mutagenic meat]
  3179 | D:5      | Gained mutation: You are frail (-10% HP). [mutagenic meat]
  3180 | D:5      | Gained mutation: You occasionally shout uncontrollably at your foes. [mutagenic meat]
  3194 | D:5      | Lost mutation: You occasionally shout uncontrollably at your foes. [potion of cure mutation]
  3194 | D:5      | Lost mutation: You are frail (-10% HP). [potion of cure mutation]
  3194 | D:5      | Lost mutation: You are resistant to hostile enchantments. [potion of cure mutation]
  3194 | D:5      | Lost mutation: You can breathe flames. [potion of cure mutation]
  3234 | D:5      | Found a staircase to the Ecumenical Temple.
  3341 | D:5      | Found an iron altar of Okawaru.
  3342 | D:5      | Noticed Pikel
  3353 | D:5      | Killed Pikel
  3353 | D:5      | Reached skill level 10 in Unarmed Combat
  3391 | D:5      | Reached XP level 9. HP: 61/80 MP: 8/8
  3464 | D:5      | XOM: noise
  3553 | D:5      | Found a basalt altar of Yredelemnul.
  3683 | D:5      | XOM: vitrification
  3719 | D:6      | Noticed McCoppin's ghost (experienced TrCK)
  3721 | D:6      | XOM: god gift: scroll labeled DIOCADWAORA
  3726 | D:6      | XOM: summons 1 hostile demon
  3727 | D:6      | XOM: 2-stop teleportation journey
  3750 | D:6      | XOM: noise
  3776 | D:6      | XOM: give mutation
  3776 | D:6      | Gained mutation: You are weak. (Str -2) [Xom's mischief]
  3849 | D:6      | Killed McCoppin's ghost
  3849 | D:6      | Reached skill level 11 in Unarmed Combat
  3877 | D:6      | Noticed Edmund
  3877 | D:6      | XOM: confusion (+ monsters)
  3905 | D:6      | Killed Edmund
  4008 | D:6      | XOM: chaos upgrade
  4012 | D:6      | XOM: swap monsters
  4061 | D:6      | XOM: silly message
  4376 | D:6      | XOM: give mutation
  4376 | D:6      | Gained mutation: Your mind is acute. (Int +2) [Xom's grace]
  4437 | D:7      | Reached skill level 12 in Unarmed Combat
  4441 | D:7      | XOM: fog
  4445 | D:7      | XOM: smoke on damage
  4558 | D:7      | Reached XP level 10. HP: 88/88 MP: 9/9
  4565 | D:7      | Gained mutation: You have sharp toenails. [mutagenic meat]
  4566 | D:7      | Gained mutation: Your body is slowly deteriorating. [mutagenic meat]
  4803 | D:7      | XOM: 1-stop teleportation journey
  4872 | D:7      | XOM: fake destruction
  5032 | D:7      | Found a sacrificial altar of Ru.
  5086 | D:8      | XOM: god gift: pair of gloves {god gift}
  5089 | D:8      | XOM: confuse monster(s)
  5330 | D:8      | XOM: god gift: 19 stones
  5351 | D:8      | XOM: 1-stop teleportation journey
  5368 | D:8      | XOM: divination: magic mapping
  5440 | D:8      | XOM: vitrification
  5442 | D:8      | XOM: 2-stop teleportation journey
  5477 | D:8      | Found Jacuewk's Weapon Shoppe.
  5754 | D:8      | XOM: enchant monster (good)
  6047 | D:9      | Reached skill level 13 in Unarmed Combat
  6130 | D:9      | XOM: swap monsters
  6152 | D:9      | XOM: enchant monster (good)
  6161 | D:9      | Found a staircase to the Orcish Mines.
  6251 | D:9      | XOM: mild Ice miscast
  6269 | D:9      | Found a staircase to the Lair.
  6270 | D:9      | Noticed an elephant
  6276 | D:9      | XOM: divination: detect creatures
  6299 | D:9      | Killed an elephant
  6310 | D:9      | XOM: divination: magic mapping
  6624 | D:9      | XOM: colour smoke trail
  6873 | D:9      | XOM: divination: detect creatures
  6903 | D:9      | Reached XP level 11. HP: 21/94 MP: 10/10
  6941 | D:9      | XOM: cast spell 'Ice Form'
  7009 | Lair:1   | Entered Level 1 of the Lair of Beasts
  7036 | Lair:1   | XOM: summons friendly quasit
  7064 | Lair:1   | Reached skill level 14 in Unarmed Combat
  7065 | Lair:1   | XOM: polymorph sheep -> worker ant
  7165 | Lair:1   | XOM: confuse monster(s)
  7176 | Lair:1   | Slain by a killer bee

Action                   |  1- 3 |  4- 6 |  7- 9 | 10-12 || total
-------------------------+-------+-------+-------+-------++-------
Melee: Unarmed           |    86 |   103 |   363 |   330 ||   882
Throw: Javelin           |       |       |     1 |       ||     1
Evoke: Wand              |       |       |       |     2 ||     2
  Use: Scroll            |     3 |     2 |     9 |     4 ||    18
       Potion            |     2 |     2 |     8 |     3 ||    15
 Stab: Confused          |       |       |     1 |     1 ||     2
       Paralysed         |       |       |       |     1 ||     1
  Eat: Chunk             |    11 |     6 |    28 |    30 ||    75
       Bread ration      |       |       |     1 |       ||     1
